 Dungeon Crawl Stone Soup version 0.21-a0-369-g397cdb2 (webtiles) character file.

455 wazuzu the Slasher (level 6, -4/73 HPs)
             Began as a Demonspawn Berserker on Oct 15, 2017.
             Was a Priest of Trog.
             Slain by Pikel
             ... wielding a +0 whip of electrocution
              (13 damage)
             ... on level 4 of the Dungeon.
             The game lasted 00:11:52 (3195 turns).

wazuzu the Slasher (Demonspawn Berserker)           Turns: 3195, Time: 00:11:53

Health: -4/73      AC:  9    Str: 24    XL:     6   Next: 76%
Magic:  0/15       EV: 11    Int:  9    God:    Trog [***...]
Gold:   170        SH:  0    Dex: 12    Spells: 5/5 levels left

rFire    . . .     SeeInvis .   f - +2 falchion (flame)
rCold    . . .     Gourm    .   (no shield)
rNeg     + . .     Faith    .   e - +0 ring mail
rPois    .         Spirit   +   j - +0 helmet
rElec    .         Reflect  .   n - +0 cloak
rCorr    .         Harm     .   (no gloves)
MR       ++...                  (no boots)
Stlth    ..........             (no amulet)
HPRegen  1.22/turn              m - ring of magical power
MPRegen  0.14/turn              r - ring of positive energy

@: mighty, berserking, regenerating, very quick
A: icy blue scales 1, foul stench 1, magic shield, rot immunity
a: Berserk, Trog's Hand, Burn Spellbooks, Renounce Religion


You were on level 4 of the Dungeon.
You worshipped Trog.
Trog was most pleased with you.
You were near starving.

You visited 1 branch of the dungeon, and saw 4 of its levels.

You collected 170 gold pieces.

Inventory:

Hand Weapons
 f - a +2 falchion of flaming (weapon)
Armour
 e - a +0 ring mail (worn)
 j - a +0 helmet (worn)
 n - a +0 cloak (worn)
Jewellery
 m - a ring of magical power (left hand)
 r - a ring of positive energy (right hand)
Scrolls
 a - a scroll of recharging {unknown}
 b - a scroll of enchant weapon {unknown}
 g - a scroll of enchant armour {unknown}
 h - a scroll of identify
 p - 3 scrolls of teleportation {unknown}
 s - 2 scrolls of amnesia {unknown}
 t - 2 scrolls of blinking {unknown}
 u - 2 scrolls of remove curse {unknown}
Potions
 d - 2 potions of might
 i - 2 potions of haste
Comestibles
 c - 3 bread rations
 k - a meat ration


   Skills:
 - Level 4.5 Fighting
 + Level 6.3 Long Blades
 - Level 1.7 Armour
 - Level 1.7 Dodging


You had 5 spell levels left.
You didn't know any spells.

Dungeon Overview and Level Annotations

Branches:
Dungeon (4/15)
 Temple: D:4-7

Altars:
Makhleb

Annotations:
D:4 Pikel


Innate Abilities, Weirdness & Mutations

You are partially covered in icy blue scales. (AC +2)
You may emit foul miasma when damaged in melee.
When hurt, damage is shared between your health and your magic reserves.
You are immune to rotting.


Message History

Your +0 cloak unmelds from your body.
Your +0 helmet unmelds from your body.
Your +0 ring mail unmelds from your body.
Pikel closely misses you.
Your skin crawls.
You feel resistant to hostile enchantments.
You are feeling very hungry.
Pikel hits you but does no damage.
A red film seems to cover your vision as you go berserk!
You feel yourself moving faster!
You feel mighty!
You are near starving!
Pikel hits you but does no damage.
You are electrocuted!
* * * LOW HITPOINT WARNING * * *
You hit Pikel. You burn Pikel.
Pikel is severely wounded.
You barely miss Pikel.
Pikel is severely wounded.
Pikel hits you with a whip of electrocution.
* * * LOW HITPOINT WARNING * * *
You are electrocuted!
You die...

#.##########.#
######[#######
#.#
.......Kp.....#
#K#
............#.#
#p#
#######.###.#
#.# #.##$...
#p# #.#.....#
#.#
#........###.#
#.........@K.#
##.......#####
##.....## ....
###


You could see Pikel.

Vanquished Creatures
  An ice beast (D:4)
  4 slaves (D:4)
  A crimson imp (D:4)
  Crazy Yiuf (D:2)
  An orc priest (D:3)
  An orc wizard (D:3)
  An iguana (D:3)
  A bullfrog skeleton (D:4)
  A worker ant (D:4)
  Robin (D:2)
  A gnoll (D:1)
  4 adders
  3 oozes
  2 worms
  3 dart slugs
  2 orcs (D:3)
  A ball python (D:3)
  9 bats
  A giant cockroach (D:1)
  16 goblins
  10 hobgoblins
  2 jackals (D:2)
  8 kobolds
  A quokka (D:3)
  6 frilled lizards
  A quokka skeleton (D:4)
  7 rats
90 creatures vanquished.

Notes
Turn   | Place    | Note
-------+----------+-------------------------------------------
     0 | D:1      | wazuzu the Demonspawn Berserker began the quest for the Orb.
     0 | D:1      | Reached XP level 1. HP: 18/18 MP: 1/1
   201 | D:1      | Reached skill level 3 in Long Blades
   222 | D:1      | Gained mutation: You are partially covered in icy blue scales. (AC +2) [demonic ancestry]
   222 | D:1      | Reached XP level 2. HP: 19/24 MP: 2/2
   287 | D:1      | HP: 1/24 [poisoned by a kobold]
   727 | D:1      | Gained mutation: When hurt, damage is shared between your health and your magic reserves. [demonic ancestry]
   727 | D:1      | Reached XP level 3. HP: 24/29 MP: 3/3
   903 | D:1      | Reached skill level 4 in Long Blades
  1236 | D:2      | Noticed Robin
  1289 | D:2      | Killed Robin
  1289 | D:2      | Reached ** piety under Trog
  1289 | D:2      | Gained mutation: You are immune to rotting. [demonic ancestry]
  1289 | D:2      | Reached XP level 4. HP: 29/35 MP: 4/4
  1551 | D:2      | Found a runed door.
  1555 | D:2      | Noticed Crazy Yiuf
  1562 | D:2      | Killed Crazy Yiuf
  1562 | D:2      | Reached skill level 5 in Long Blades
  2023 | D:2      | Gained mutation: You may emit foul miasma when damaged in melee. [demonic ancestry]
  2023 | D:2      | Reached XP level 5. HP: 41/41 MP: 5/5
  2295 | D:3      | Reached *** piety under Trog
  2762 | D:3      | Reached XP level 6. HP: 35/49 MP: 6/6
  3001 | D:4      | Noticed an ice beast
  3006 | D:4      | Killed an ice beast
  3011 | D:4      | Found a burning altar of Makhleb.
  3027 | D:4      | Reached skill level 6 in Long Blades
  3099 | D:4      | Noticed Pikel
  3099 | D:4      | Noticed a slave
  3099 | D:4      | Noticed a slave
  3099 | D:4      | Noticed a slave
  3099 | D:4      | Noticed a slave
  3130 | D:4      | Killed a slave
  3164 | D:4      | Killed a slave
  3174 | D:4      | Killed a slave
  3181 | D:4      | Killed a slave
  3189 | D:4      | HP: 3/73 [Pikel/whip of electrocution (12)]
  3195 | D:4      | Slain by Pikel

Vault maps used:
D:1:      nzn_arrival_depleted_hourglass
D:2:      nrook_uturn, grunt_ministairs_12, uniq_crazy_yiuf_cottage, uniq_robin
D:3:      first_bread
D:4:      makhleb_grotto_becter, uniq_pikel

Skill      XL: |  1  2  3  4  5  6 |
---------------+-------------------+-----
Long Blades    | 3 4 5 6 |  6.3
Fighting       | 4 |  4.5
Armour         | |  1.7
Dodging        | |  1.7

Action                   |  1- 3 |  4- 6 || total
-------------------------+-------+-------++-------
Melee: Falchion          |   103 |   200 ||   303
Invok: Berserk           |       |     1 ||     1
       Trog's Hand       |       |     1 ||     1
  Use: Potion            |     2 |     3 ||     5
       Scroll            |       |     5 ||     5
  Eat: Chunk             |       |     7 ||     7
Armor: Ring mail         |    44 |    58 ||   102
       Animal skin       |     4 |       ||     4
       Skin              |       |    30 ||    30
Dodge: Dodged            |    67 |    90 ||   157
       Rpst.: Falchion   |    21 |    22 ||    43

Table legend:
 A = Spawn XP
 B = Non-spawn XP
 C = Spawn XP percentage of total XP
 D = Spawn monster count
 E = Non-spawn monster count
 F = Spawn count percentage of total count
 G = Total turns spent on level
                    A         B        C        D         E        F      G
               +---------+---------+-------+---------+---------+-------+---------
         Total |       0 |     651 |   0.0 |       0 |      86 |   0.0 |  3195
               +---------+---------+-------+---------+---------+-------+---------
           D:1 |       0 |      57 |   0.0 |       0 |      20 |   0.0 |  1133
           D:2 |       0 |     155 |   0.0 |       0 |      39 |   0.0 |  1020
           D:3 |       0 |     173 |   0.0 |       0 |      21 |   0.0 |   823
           D:4 |       0 |     266 |   0.0 |       0 |       6 |   0.0 |   219
               +---------+---------+-------+---------+---------+-------+---------
